 Dungeon Crawl Stone Soup version 0.24.1-14-gf8d2b509d9 (webtiles) character file.

Game seed: 15144616862217443382, levelgen mode: deterministic

9620 mortelune the Transmogrifier (level 11, -1/103 HPs)
             Began as a Naga Transmuter on May 23, 2020.
             Was an Elder of Cheibriados.
             Hit by a silver javelin thrown by a minotaur (4 damage)
             ... in a Gauntlet.
             The game lasted 00:44:55 (20364 turns).

mortelune the Transmogrifier (Naga Transmuter)     Turns: 20364, Time: 00:44:56

Health: -1/103     AC: 15    Str: 22    XL:     11   Next: 49%
Magic:  19/23      EV:  6    Int: 31    God:    Cheibriados [****..]
Gold:   153        SH:  0    Dex: 25    Spells: 5/26 levels left

rFire    . . .     SeeInvis +     - Unarmed
rCold    + . .     Gourm    .   (shield currently unavailable)
rNeg     . . .     Faith    .   R - +0 scale mail {rC+}
rPois    +         Spirit   .   i - +0 helmet of Benevolence {MR+ Str+3 Dex+2}
rElec    .         Reflect  .   r - +0 cloak
rCorr    .         Harm     .   (gloves currently unavailable)
MR       ++...     NoTele   +   S - +0 naga barding
Stlth    +.........             q - amulet of the acrobat
HPRegen  0.27/turn              T - ring "Unexuk" {Wiz Str-3 Int+5}
MPRegen  0.18/turn              E - +3 ring of protection

@: blade hands (expiring), very slightly contaminated, invisible (expiring),
very slow
A: large, see invisible, deformed body, poison resistance, slowness 2, slow
metabolism 1, spit poison 1, AC +3
a: Spit Poison, End Transformation, Bend Time, Temporal Distortion, Slouch,
Renounce Religion


You were in a Gauntlet.
You worshipped Cheibriados.
Cheibriados was greatly pleased with you.
You were not hungry.
You had blades for hands.
You visited 2 branches of the dungeon, and saw 12 of its levels.
You also visited: Sewer and Gauntlet.

You collected 518 gold pieces.
You spent 365 gold pieces at shops.

Inventory:

Missiles
 c - 175 arrows
 Q - 222 stones (quivered)
Armour
 i - the +0 helmet of Benevolence (worn) {MR+ Str+3 Dex+2}
   (You found it in a Gauntlet)

   It affects your strength (+3).
   It affects your dexterity (+2).
   It affects your resistance to hostile enchantments.
 r - a +0 cloak (worn)
 J - +0 steam dragon scales
 N - a +2 helmet of intelligence
 P - a +2 robe of magic resistance
 R - a +0 scale mail of cold resistance (worn)
 S - a +0 naga barding (worn)
Jewellery
 q - an amulet of the acrobat (around neck)
 x - an uncursed ring of stealth
 C - an uncursed ring of resist corrosion
 E - a +3 ring of protection (right scythe-like blade)
 T - the ring "Unexuk" (left scythe-like blade) {Wiz Str-3 Int+5}
   (You found it in a Gauntlet)

   [ring of wizardry]

   It improves your spell success rate.
   It affects your strength (-3).
   It affects your intelligence (+5).
 W - an uncursed ring of wizardry
Wands
 b - a wand of enslavement (17)
 w - a wand of random effects (21)
 D - a wand of digging (4)
 H - a wand of paralysis (9)
 K - a wand of flame (53)
 L - a wand of iceblast (11)
Scrolls
 e - 3 scrolls of fear
 j - 3 scrolls of enchant weapon
 m - 2 scrolls of magic mapping
 n - 3 scrolls of enchant armour {unknown}
 o - 2 scrolls of immolation
 t - 7 scrolls of teleportation
 y - 2 scrolls of remove curse {unknown}
 A - a scroll of fog {unknown}
 B - 6 scrolls of blinking
 I - a scroll of amnesia {unknown}
 M - a scroll of noise {unknown}
Potions
 a - 4 potions of flight
 f - 3 potions of agility
 g - a potion of magic
 h - 3 potions of curing
 k - a potion of invisibility
 l - 2 potions of haste
 p - a potion of mutation {unknown}
 s - 3 potions of brilliance
 u - a potion of ambrosia {unknown}
 v - 3 potions of cancellation
 z - 3 potions of heal wounds {unknown}
 F - a potion of berserk rage
 G - a potion of resistance {unknown}
 O - a potion of lignification {unknown}
Comestibles
 d - 17 rations


   Skills:
 + Level 8.0 Fighting
 - Level 1.5 Dodging
 + Level 7.1 Unarmed Combat
 + Level 8.4 Spellcasting
 - Level 10.0 Transmutations
 + Level 1.4 Earth Magic
 - Level 1.1 Poison Magic
 * Level 6.1 Invocations


You had 5 spell levels left.
You knew the following spells:

 Your Spells              Type           Power        Failure   Level  Hunger
a - Beastly Appendage     Tmut           ######       3%          1    None
b - Sticks to Snakes      Tmut           ######..     4%          2    None
c - Spider Form           Tmut/Pois      #####.....   11%         3    None
d - Blade Hands           Tmut           ######....   13%         5    ####...
e - Ice Form              Ice/Tmut       #####...     26%         4    None
f - Conjure Flame         Conj/Fire      ##......     41%         3    None
z - Stone Arrow           Conj/Erth      ###...       34%         3    None

Your spell library contained the following spells:

 Spells                   Type           Power        Failure   Level  Hunger
 Passwall                 Tmut/Erth      #####...     8%          2    None
 Sandblast                Erth           ###...       16%         1    None
 Flame Tongue             Conj/Fire      ##...        21%         1    None
 Petrify                  Tmut/Erth      #####...     21%         4    None
 Throw Flame              Conj/Fire      ##....       26%         2    None
 Inner Flame              Hex/Fire       ##......     41%         3    None
 Sticky Flame             Conj/Fire      ##......     71%         4    None
 Lee's Rapid Deconstruct  Erth           ###.......   82%         5    ####...
 Fireball                 Conj/Fire      ##........   92%         5    ####...


Dungeon Overview and Level Annotations

Branches:
Dungeon (11/15)            Temple (1/1) D:5            Lair (0/6) D:9
    Orc (0/2) D:9           Sewer (visited)         Gauntlet (1/1)

Altars:
Ashenzari
Cheibriados
Dithmenos
Elyvilon
Fedhas
Gozag
Hepliaklqana
Kikubaaqudgha
Makhleb
Nemelex Xobeh
Okawaru
Qazlal
Ru
Sif Muna
Trog
Uskayaw
Vehumet
Wu Jian
Xom
Yredelemnul
Zin
The Shining One

Shops:
D:5 [   D:6 (   D:10 [=*

Annotations:
D:9 2 transporters, harkrass's ghost, novice MiFi Gauntlet 6 transporters


Innate Abilities, Weirdness & Mutations

You cannot wear boots.
Your serpentine skin is tough. (AC +3)
You have supernaturally acute eyesight. (SInv)
Armour fits poorly on your strangely shaped body.
Your system is resistant to poisons. (rPois)
You cover ground very slowly.
You have a slow metabolism.
You can spit poison.


Message History

The minotaur hits you with a +2 lajatang of protection!
* * * LOW HITPOINT WARNING * * *
The minotaur gores you but does no damage.
You catch the helpless minotaur completely off-guard!
You slice the minotaur!!
You slash the minotaur, but do no damage.
The minotaur is severely wounded.
The minotaur hits you with a +2 lajatang of protection!!
* * * LOW HITPOINT WARNING * * *
The minotaur barely misses you.
Okay, then.
Blink to where?
Press: ? - help, Dir - move target cursor
As you read the scroll of blinking, it crumbles to dust.
Evoke which item? (* to show all) (? for menu, Esc to quit)
Okay, then.
You feel better.
The minotaur throws a silver javelin.
The silver javelin pierces through you!
* * * LOW HITPOINT WARNING * * *
You die...

#≈..... ##.####
#...##≈.###.
#.8.#≈≈.####
#...##≈.#...
#.8.###.#©#.
#...##..#.## ##########
#.8.#...#(## #......@(#
#...#.∩.#...
#.######.####.©.#...####
#.# #.#......#.8.....
#.# #H#.##.©.#...####
#.#......#.##...#.∩.#5.#
#.########.##.8.#...#.#.
#..........##...##..#.#.
#############.8.###.#©"#
#...##≈.#=$#


You could see a minotaur.

Vanquished Creatures
  Harold (D:8)
  An unseen horror (D:10)
  Pikel (D:8)
  A gargoyle (D:10)
  A troll (D:11)
  2 hippogriffs
  A slime creature (D:10)
  2 centaur simulacra (Gauntlet)
  A spriggan (D:9)
  A ynoxinul (Gauntlet)
  2 shadows (Gauntlet)
  2 hungry ghosts
  A redback simulacrum (Gauntlet)
  Edmund (D:4)
  A hydra simulacrum (Gauntlet)
  A water moccasin (D:9)
  3 ice beasts
  2 black bears
  3 orc warriors
  2 necrophages
  A phantom (D:4)
  4 sky beasts
  2 ogres
  2 centaurs
  Blork the orc (D:4)
  2 gnoll sergeants
  8 bullfrogs
  3 scorpions
  3 wights (D:10)
  3 crimson imps
  A centaur zombie (D:8)
  6 hounds
  2 centaur skeletons
  10 orc priests
  3 iron imps (Gauntlet)
  A jelly (D:10)
  2 bullfrog skeletons (D:6)
  3 iguanas
  10 orc wizards
  Ijyb (D:5)
  5 worker ants
  A hound skeleton (D:9)
  A howler monkey zombie (D:7)
  A worker ant zombie (D:10)
  16 gnolls
  24 adders
  6 oozes (Sewer)
  An adder zombie (D:2)
  4 adder skeletons
  5 worms
  2 dart slugs
  11 leopard geckos
  41 orcs
  16 ball pythons
  A bat skeleton (D:2)
  17 giant cockroaches
  7 goblins
  12 hobgoblins
  15 jackals
  8 kobolds
  2 quokkas
  A ball python zombie (D:2)
  8 bats
  14 frilled lizards
  A giant cockroach zombie (D:2)
  A jackal skeleton (D:8)
  A quokka skeleton (D:8)
  10 rats
330 creatures vanquished.

Vanquished Creatures (collateral kills)
  A slime creature (D:10)
  A steam dragon (D:8)
  An ice beast (D:5)
  An orc warrior (D:6)
  2 centaurs
  An ogre (D:3)
  A bullfrog (D:7)
  An iron imp (Gauntlet)
  A gnoll shaman (D:6)
  An orc priest (D:7)
  2 gnolls
  A leopard gecko (Sewer)
  An orc (D:6)
  A giant cockroach (Sewer)
  3 jackals (D:6)
  6 ball pythons (Sewer)
  A frilled lizard (Sewer)
26 creatures vanquished.

Vanquished Creatures (others)
  2 slaves (D:8)
  A jackal (D:8)
  A fungus (Gauntlet)
4 creatures vanquished.

Grand Total: 360 creatures vanquished

Notes
Turn   | Place    | Note
-------+----------+-------------------------------------------
     0 | D:1      | mortelune the Naga Transmuter began the quest for the Orb.
     0 | D:1      | Reached XP level 1. HP: 18/18 MP: 3/3
   737 | D:1      | Reached XP level 2. HP: 21/25 MP: 3/5
   743 | D:1      | Learned a level 2 spell: Sticks to Snakes
  2208 | D:1      | Reached XP level 3. HP: 30/31 MP: 4/6
  2213 | D:1      | Learned a level 3 spell: Spider Form
  2921 | D:2      | Reached skill level 3 in Transmutations
  2921 | D:2      | Reached XP level 4. HP: 6/39 MP: 3/7
  4109 | D:2      | Reached skill level 1 in Poison Magic
  4362 | D:2      | Reached XP level 5. HP: 26/45 MP: 9/9
  5217 | D:3      | Reached skill level 4 in Transmutations
  5643 | D:3      | Noticed an ogre
  5824 | D:3      | Reached XP level 6. HP: 46/55 MP: 4/11
  6956 | D:3      | Reached skill level 5 in Transmutations
  6956 | D:3      | Reached XP level 7. HP: 60/62 MP: 13/13
  6970 | D:3      | Learned a level 5 spell: Blade Hands
  7120 | D:4      | Found a shimmering blue altar of Sif Muna.
  7926 | D:4      | Noticed Edmund
  7950 | D:4      | Killed Edmund
  8202 | D:4      | Reached skill level 5 in Spellcasting
  8592 | D:4      | Reached skill level 6 in Transmutations
  8592 | D:4      | Reached XP level 8. HP: 47/72 MP: 7/15
  9044 | D:4      | Noticed Blork the orc
  9054 | D:4      | Killed Blork the orc
  9550 | D:5      | Entered Level 5 of the Dungeon
  9564 | D:5      | Found Ackiol's Armour Emporium.
  9681 | D:5      | Found a glowing drain.
  9685 | Sewer    | Entered a sewer
 11194 | D:5      | Found a stormy altar of Qazlal.
 11299 | D:5      | Found a staircase to the Ecumenical Temple.
 11450 | D:5      | Reached skill level 7 in Transmutations
 11707 | D:5      | Found a white marble altar of Elyvilon.
 11715 | D:5      | Noticed Ijyb
 11731 | D:5      | Learned a level 4 spell: Ice Form
 11748 | Temple   | Entered the Ecumenical Temple
 11927 | Temple   | Became a worshipper of Cheibriados the Contemplative
 11966 | D:5      | Found a bloodstained altar of Trog.
 11998 | D:5      | Killed Ijyb
 12249 | D:6      | Found Ovir's Antique Weapon Emporium.
 12335 | D:6      | Reached skill level 5 in Fighting
 12335 | D:6      | Reached XP level 9. HP: 61/81 MP: 3/18
 12920 | D:6      | Reached * piety under Cheibriados
 13070 | D:6      | Found a shimmering altar of Xom.
 13260 | D:7      | Found a bloodstained altar of Trog.
 13283 | D:7      | Reached skill level 8 in Transmutations
 14049 | D:7      | Found a hide-covered altar of Uskayaw.
 14312 | D:7      | Learned a level 3 spell: Conjure Flame
 14350 | D:8      | Reached ** piety under Cheibriados
 14623 | D:8      | Reached skill level 5 in Unarmed Combat
 14623 | D:8      | Reached skill level 9 in Transmutations
 14982 | D:8      | Reached XP level 10. HP: 91/91 MP: 14/20
 15023 | D:8      | Noticed Harold
 15048 | D:8      | Killed Harold
 15805 | D:8      | Noticed Pikel
 15814 | D:8      | Killed Pikel
 16635 | D:9      | Reached *** piety under Cheibriados
 16654 | D:9      | Reached skill level 10 in Transmutations
 16727 | D:9      | Reached skill level 1 in Invocations
 17221 | D:9      | Found a transporter.
 17223 | D:9      | Noticed a cyclops
 17223 | D:9      | Noticed a two-headed ogre
 17230 | D:9      | Found a transporter.
 17230 | D:9      | Noticed a moth of wrath
 17237 | D:9      | Noticed harkrass's ghost (novice MiFi)
 17239 | D:9      | Found a bloodstained altar of Trog.
 17434 | D:9      | Found a staircase to the Orcish Mines.
 17564 | D:9      | Found a staircase to the Lair.
 17651 | D:10     | Entered Level 10 of the Dungeon
 17753 | D:10     | Reached **** piety under Cheibriados
 18105 | D:10     | Found Doqouh's Armour Boutique.
 18132 | D:10     | Bought a +2 helmet of intelligence for 365 gold pieces
 18338 | D:10     | Noticed an unseen horror
 18348 | D:10     | Killed an unseen horror
 18348 | D:10     | Reached XP level 11. HP: 100/100 MP: 14/23
 18548 | D:10     | Found Omucost's Jewellery Emporium.
 18639 | D:10     | Found Humel's Assorted Antiques.
 19010 | D:10     | Reached skill level 5 in Invocations
 19471 | D:10     | Learned a level 3 spell: Stone Arrow
 19625 | D:11     | Found a gate leading to a gauntlet.
 19639 | Gauntlet | Entered a Gauntlet
 19639 | Gauntlet | Found a transporter.
 19639 | Gauntlet | Found a transporter.
 19837 | Gauntlet | Found a transporter.
 19841 | Gauntlet | Found a transporter.
 19852 | Gauntlet | Found a transporter.
 19856 | Gauntlet | Found a transporter.
 19867 | Gauntlet | Found a transporter.
 19880 | Gauntlet | Noticed a reaper
 19883 | Gauntlet | Found a transporter.
 19898 | Gauntlet | Found a transporter.
 19901 | Gauntlet | Found a transporter.
 19909 | Gauntlet | Found a transporter.
 19913 | Gauntlet | Found a transporter.
 19976 | Gauntlet | Reached skill level 1 in Earth Magic
 19987 | Gauntlet | Got a bloodstained helmet
 20006 | Gauntlet | Identified the +0 helmet of Benevolence {MR+ Str+3 Dex+2}
                  | (You found it in a Gauntlet)
 20310 | Gauntlet | Got a clouded marble ring
 20318 | Gauntlet | Identified the ring "Unexuk" {Wiz Str-3 Int+5} (You found
                  | it in a Gauntlet)
 20350 | Gauntlet | Identified the ring "Ycrad" {-Tele rPois rN+ Int+3}
 20350 | Gauntlet | Noticed a minotaur
 20362 | Gauntlet | HP: 3/103 [minotaur/+2 lajatang of protection (25)]
 20364 | Gauntlet | Hit by a silver javelin thrown by a minotaur

Levels and vault maps discovered:
D:1:      dpeg_arrival_pits, layout_basic, minmay_pentomino_t2
D:2:      layout_loops_cross, serial_undead, serial_undead_e, serial_undead_b,
          serial_undead_f, serial_undead_e, serial_undead_d, serial_undead_d,
          first_ration
D:3:      layout_basic, minmay_snake_closets
D:4:      layout_loops_cross, marbit_many_paths, uniq_blork_the_orc, uniq_edmund
D:5:      layout_cave_pools, nicolae_qazlal_eye_of_the_storm,
          kennysheep_mini_moat, minmay_temple_entry_waves,
          gup_sewer_entry_spiral, serial_shops, shop, bloody_trog, uniq_ijyb
D:6:      layout_basic, old_standard_altar, serial_shops, nicolae_shop_stone,
          minmay_crystal_room
D:7:      layout_cave_pods, eat_drink_and_be_merry_uskayaw,
          overflow_temple_1_default, serial_park_tiny_2
D:8:      layout_loops_ring, uniq_harold, uniq_pikel
D:9:      layout_loops_cross, orc_0_dummy, gammafunk_ghost_wrathful_warriors,
          the_bakery
D:10:     layout_grid_maze, serial_shops, nicolae_shop_stone,
          nicolae_shop_crystal, nicolae_shop_statue_plus
D:11:     minmay_the_grid_3x2 [minmay_the_grid_expand, minmay_the_grid_dragon_a,
          minmay_the_grid_embedded, minmay_the_grid_odd_star,
          minmay_the_grid_slots, minmay_the_grid_prize_shrinking_boxes],
          layout_rooms, gauntlet_entry_generic
Temple:   eino_temple_scatter_basement
Gauntlet: minmay_gauntlet_77_indecision [minmay_gauntlet_arena_77_box,
          minmay_gauntlet_arena_77_block_sizes,
          minmay_gauntlet_arena_77_two_paths,
          minmay_gauntlet_arena_77_broken_ladder,
          minmay_gauntlet_arena_77_squiggly, minmay_gauntlet_arena_77_p_blocks,
          gauntlet_exit_spiral]

Skill      XL: |  1  2  3  4  5  6  7  8  9 10 11 |
---------------+----------------------------------+-----
Fighting       | 2 3 4 5 6 7 8 |  8.0
Transmutations | 3 4 5 6 7 9 10 | 10.0
Poison Magic   | 1 |  1.1
Spellcasting   | 3 4 5 6 7 8 |  8.4
Unarmed Combat | 5 6 7 |  7.1
Invocations    | 4 6 |  6.1
Earth Magic    | 1 |  1.4
Dodging        | |  1.5

Action                   |  1- 3 |  4- 6 |  7- 9 | 10-12 || total
-------------------------+-------+-------+-------+-------++-------
Melee: Unarmed           |   110 |   310 |   524 |   228 ||  1172
       Headbutt          |     9 |    24 |    22 |       ||    55
       Punch             |     1 |     2 |     1 |     6 ||    10
Throw: Stone             |    10 |    11 |    20 |     4 ||    45
 Cast: Beastly Appendage |    20 |    29 |    26 |     1 ||    76
       Sticks to Snakes  |     2 |     3 |    27 |    11 ||    43
       Spider Form       |     2 |    18 |    24 |       ||    44
       Blade Hands       |       |       |    21 |    35 ||    56
       Ice Form          |       |       |     6 |    11 ||    17
       Stone Arrow       |       |       |       |     1 ||     1
Invok: Bend Time         |       |       |       |     1 ||     1
       Slouch            |       |       |       |     1 ||     1
 Abil: Spit Poison       |     3 |     3 |     1 |       ||     7
  Use: Scroll            |       |       |    12 |     5 ||    17
       Potion            |       |       |     1 |     2 ||     3
 Stab: Sleeping          |       |     4 |     3 |     1 ||     8
       Distracted        |       |       |     2 |     1 ||     3
       Invisible         |       |       |       |     2 ||     2
  Eat: Chunk             |     4 |    13 |    19 |    17 ||    53
       Ration            |       |       |     3 |     1 ||     4
Armor: Robe              |    13 |    54 |    51 |    36 ||   154
       Skin              |       |     7 |    25 |    20 ||    52
       Leather armour    |       |       |    39 |       ||    39
       Steam dragon scal |       |       |       |     7 ||     7
       Scale mail        |       |       |       |     2 ||     2
Dodge: Dodged            |    73 |   226 |   428 |   188 ||   915
